[Event "American Cup Women Champions 2024"]
[Site "Saint Louis"]
[Date "2024.03.12"]
[Round "1.1"]
[White "Krush, Irina"]
[Black "Tang, Zoey"]
[Result "0-1"]
[ECO "A25"]
[WhiteElo "2421"]
[BlackElo "2253"]
[Annotator "TA"]
[PlyCount "110"]
[EventDate "2024.03.11"]
[EventType "k.o."]
[EventCountry "USA"]
[SourceTitle "playchess.com"]
[Source "ChessBase"]
[SourceQuality "1"]
[TimeControl "5400+30"]

1. c4 e5 2. g3 Nc6 3. Bg2 g6 4. Nc3 Bg7 5. Rb1 a5 6. e3 Nge7 7. d3 d6 8. Nge2 Be6 9. Nd5 O-O 10. O-O Nb4 11. Nxe7+ Qxe7 12. a3 Nc6 {[%emt 0:01:08][%cal Bb4c6,Bc6e5,Be5d3][%mdl 32] Die Stellung ist ausgeglichen.} 13. Nc3 Qd7 14. Re1 f5 15. Nd5 a4 16. Nc3 e4 17. Nxa4 (17. dxe4 $11 {bleibt in der Remisbreite.} Bxc4 18. f4) 17... Ne5 $17 {[%emt 0:03:46][%csl LRa4,LRd3] Schwarz hat aktiveres Spiel. Die weißen Türme stehen passiv.} 18. b3 (18. d4 $17) 18... Nxd3 $19 (18... exd3 19. Nb2 $14) 19. Re2 {[%emt 0:00:09] Weiss hat schwache schwarze Felder} b5 20. Nb2 bxc4 ({Schlechter ist} 20... Rxa3 21. Nxd3 exd3 22. Re1 $11) 21. bxc4 Rxa3 (21... Rfb8 $142 22. Qc2 Nxc1 (22... Rxa3 $2 23. Nxd3 Rxb1 24. Qxb1 $19) 23. Qxc1 Rxa3) 22. Nxd3 Rxd3 23. Qe1 Bxc4 24. Bf1 Rc3 25. Reb2 (25. Bb2 $17 Rb3 26. Bxg7 Rxb1 (26... Qxg7 27. Ra2 $17) 27. Qxb1 Kxg7 28. Rc2) 25... Bxf1 26. Qxf1 Rd3 27. Rd2 Rxd2 28. Bxd2 d5 {[%emt 0:00:26] Verhindert Qc4} ({Vorzuziehen ist} 28... c5 $19 29. Bc3 Bxc3 30. Qc4+ d5 31. Qxc3 Rc8) 29. Qc1 (29. Qa6 $17 {kämpft weiter.}) 29... f4 30. exf4 d4 (30... c6 $17 31. h4 d4) 31. Rb7 $15 Rc8 32. Qc4+ (32. Qc2 $15 {sieht stärker aus.}) 32... Kh8 $17 33. Kg2 h5 34. h3 {[%emt 0:02:07] Es drohte Qg4} Qd6 ({Günstiger ist} 34... Qe8 $17 {...e3 ist eine echte Drohung.} 35. Kh2 Kh7) 35. Ba5 $2 (35. Ra7 $11 {und Weiss ist OK.}) 35... e3 (35... Qa3 $19 {ist viel giftiger.} 36. Rxc7 Rxc7 37. Qxc7 Qf3+ 38. Kg1 e3) 36. Rxc7 Rxc7 37. Bxc7 {[%emt 0:00:14][%mdl 4096] Endspiel. KQB-KQB} Qe7 (37... Qd7 $1 $17 {Und jetzt ...d3 wäre schön.} 38. fxe3 d3 (38... dxe3 $2 39. Ba5 $19)) 38. fxe3 {[%emt 0:01:56] [#]} Qe4+ $1 39. Kh2 Qxe3 {[%emt 0:00:08] Schwarz bringt die Sache ungefährdet zu Ende.} 40. Qa2 {[%emt 0:01:11][%mdl 8192] Es drohte Qf2+} (40. Be5 $17 {war die entscheidende Verteidigung.}) 40... d3 $19 {[%emt 0:00:28] ( -> ...Bd4)} 41. Ba5 {[%emt 0:00:02] [#]} h4 $1 42. Qg2 Kh7 (42... Bd4 $142 {...Bc5 wäre nun fies.} 43. Bb4 g5 44. Qa8+ Kh7 45. Qb7+ Bg7) 43. Bd2 $2 (43. Qg1 $19 Bd4 44. Qg2) 43... hxg3+ 44. Kh1 Qf2 45. Qxf2 gxf2 {[%emt 0:00:02] KB-KB} 46. Kg2 {[%emt 0:00:10] [#]} Bd4 $1 47. Kf1 {[%emt 0:01:23] Schwarz setzt Matt.} Kg7 48. f5 gxf5 49. Kg2 Kg6 50. Bf4 Kf6 51. Kf1 Ke6 52. h4 Kd5 53. h5 Kc4 54. h6 Kc3 55. h7 d2 {[%emt 0:00:15] Gewichteter Fehlerwert: Weiß=0.52/Schwarz=0.24 (präzise) .  Verlustzug:     	Weiß=2     	---        Fehler:       	Weiß=6     	Schwarz=7     Ungenau:       	Weiß=3     	---        OK:         	Weiß=9     	Schwarz=13    Bester:       	Weiß=3     	Schwarz=4     Stark:        	---       	Schwarz=1} 0-1

[Event "American Cup Women Champions 2024"]
[Site "Saint Louis"]
[Date "2024.03.12"]
[Round "1.1"]
[White "Tokhirjonova, Gulrukhbegim"]
[Black "Yu, Jennifer"]
[Result "1-0"]
[ECO "D26"]
[WhiteElo "2365"]
[BlackElo "2279"]
[Annotator "TA"]
[PlyCount "51"]
[EventDate "2024.03.11"]
[EventType "k.o."]
[EventCountry "USA"]
[SourceTitle "playchess.com"]
[Source "ChessBase"]
[SourceQuality "1"]
[TimeControl "5400+30"]

1. d4 d5 2. c4 dxc4 3. Nf3 Nf6 4. e3 e6 5. Bxc4 a6 6. O-O b5 7. Be2 Bb7 8. a4 b4 9. Nbd2 Nbd7 {[%emt 0:03:14] The position is equal.} 10. Nb3 Bd5 11. Bd2 c5 (11... Bd6 $11 {is more appropriate.}) 12. Rc1 Ne4 13. Be1 Qb6 ({Black should try} 13... cxd4 $14 14. Nfxd4 (14. Qxd4 Nef6 $16) 14... Nec5) 14. Bd3 (14. Ne5 $18 {Nxd7 is the strong threat.} Nxe5 15. dxe5) 14... Be7 (14... Nef6 $14) 15. Bxe4 $16 Bxe4 16. dxc5 Nxc5 (16... Qa7 17. Bxb4 Bd5) 17. a5 $18 Qb5 {[%emt 0:00:08] [#] Hoping for ...Nxb3.} 18. Nxc5 Bxc5 19. Nd4 Bxd4 20. Qxd4 {[%emt 0:00:10] White is clearly winning.} Bd3 (20... Bxg2 $142 21. Kxg2 O-O 22. Qxb4 (22. Bxb4 Qb7+ 23. Kg1 Rfd8 $18) 22... Qd5+ 23. Kg1 Rac8) 21. Bxb4 {[%emt 0:04:25][%cal Oc1c7] Rc7! would kill now.} ({Less strong is} 21. Qxg7 Rf8 $18) 21... Rd8 22. Qxg7 {[%emt 0:01:24][%cal Oc1c7] White threatens Rc7! and mate.} Qxb4 23. Qxh8+ Kd7 24. Qf6 Bxf1 25. Qxf7+ Qe7 {[%emt 0:01:09] [#]} 26. Rc7+ $3 {[%emt 0:00:27][%mdl 512] Weighted Error Value: White=0.14 (very precise) /Black=0.59.  Mistake:       	White=1     	Black=5      Inaccurate:     	White=1     	Black=2      OK:         	White=5     	Black=4      Best:        	White=3     	---} 1-0

[Event "American Cup Women Champions 2024"]
[Site "Saint Louis"]
[Date "2024.03.12"]
[Round "1.1"]
[White "Lee, Alice"]
[Black "Abrahamyan, Tatev"]
[Result "1-0"]
[ECO "E04"]
[WhiteElo "2356"]
[BlackElo "2308"]
[Annotator "TA"]
[PlyCount "125"]
[EventDate "2024.03.11"]
[EventType "k.o."]
[EventCountry "USA"]
[SourceTitle "playchess.com"]
[Source "ChessBase"]
[SourceQuality "1"]
[TimeControl "5400+30"]

1. d4 Nf6 2. c4 e6 3. Nf3 d5 4. g3 dxc4 5. Bg2 a6 6. O-O Nc6 7. Be3 {[%emt 0:00:12] E04: Katalanisch.} Be7 8. Nbd2 Nd5 $146 ({Predecessor:} 8... Na5 9. Ne5 Nd5 10. Ndxc4 Nxc4 11. Nxc4 Nxe3 12. Nxe3 O-O 13. Qc2 Qxd4 14. Qxc7 Bf6 {½-½ Gauri,S (2376)-Aagaard,J (2474) Charlotte CCCSA Summer GM-A 2022 (1)}) 9. Nxc4 Nxe3 10. fxe3 O-O 11. Rc1 Bf6 12. Qb3 Qe7 13. Nfd2 e5 14. Bxc6 bxc6 15. Nxe5 Bxe5 16. dxe5 Bh3 17. Rf4 Qxe5 18. Nf3 Qe7 19. Kf2 Rab8 20. Qc3 Rfe8 {[%emt 0:01:46] [#]} (20... Bd7 $16) 21. b3 (21. g4 $1 $18) 21... Rb6 $2 {[%emt 0:05:22] [#]} ({Günstiger ist} 21... Bd7 $14) 22. Qc5 (22. g4 $1 $18) 22... Bd7 $16 23. Qxe7 Rxe7 24. Rd4 h6 25. b4 Be6 26. a4 Bd5 27. Nd2 f5 $1 28. g4 fxg4 29. e4 Bf7 30. a5 Rb8 31. Rxc6 Ra8 32. Ke3 Be8 33. Rc5 Bb5 (33... Rb8 $14) 34. Nb1 $16 Be8 35. Rcd5 (35. Nc3 $16 {Zielt auf Nd5 ab.} Bf7 36. Nd5 Bxd5 37. Rdxd5) 35... Rb8 36. Nc3 Rb7 (36... Kh7 $16 {war einen Versuch wert.}) 37. Rd8 $18 Kh7 38. Nd5 Re6 39. Rc8 Bc6 $2 (39... Ba4 40. Rxc7 (40. Nxc7 $2 {ist das falsche Schlagen.} Rc6 $19) 40... Rxc7 41. Nxc7 Rc6) 40. Nxc7 $18 (40. Rxc7 $2 {zu gefräßig.} Bxd5 41. Rc5 Bc6 $19) 40... Rf6 (40... Rxe4+ $142 41. Rxe4 Bxe4 42. Nxa6 (42. Kxe4 Rxb4+ 43. Kd3 Ra4 $18) 42... Re7) 41. Nxa6 $18 Bxe4 42. Rxe4 Rxa6 43. Rxg4 Re6+ 44. Kd3 Rbe7 45. e4 h5 46. Rf4 g5 47. Rf5 Rxe4 48. Rxg5 Rxb4 49. Rxh5+ Kg6 (49... Kg7 $142 50. Rcc5 Ra4 51. Rcg5+ Kf7) 50. Rhc5 $18 Ra4 51. R8c6+ Kf7 52. Rh5 Rd7+ 53. Kc3 (53. Kc2 $142) 53... Rd1 $2 (53... Kg7 54. h4 Ra1) 54. Rh7+ $18 Kg8 55. Rb7 Rd8 56. a6 Ra8 57. Rbb6 Kf7 58. Kb3 Ra1 59. Kc4 Ra5 60. Kb4 Ra1 61. Kc5 Ke7 62. Rh6 Rc1+ 63. Kb5 1-0

[Event "American Cup Women Champions 2024"]
[Site "Saint Louis"]
[Date "2024.03.12"]
[Round "1.1"]
[White "Zatonskih, Anna"]
[Black "Paikidze, Nazi"]
[Result "0-1"]
[ECO "E80"]
[WhiteElo "2348"]
[BlackElo "2319"]
[Annotator "TA"]
[PlyCount "116"]
[EventDate "2024.03.11"]
[EventType "k.o."]
[EventCountry "USA"]
[SourceTitle "playchess.com"]
[Source "ChessBase"]
[SourceQuality "1"]
[TimeControl "5400+30"]

1. d4 Nf6 2. c4 d6 3. Nc3 Nbd7 4. e4 e5 5. Be3 g6 6. f3 Bg7 7. d5 Nh5 8. Nge2 f5 9. Qd2 f4 10. Bf2 {[%emt 0:00:06] Weiß steht etwas besser.} O-O 11. Nc1 a5 12. Be2 Nc5 13. g4 Nf6 14. h4 h5 15. g5 Nfd7 16. b3 Qe7 17. Rb1 c6 (17... Rd8 $142) 18. O-O $1 $16 Rf7 19. Rd1 $1 Bf8 20. a3 cxd5 21. cxd5 Qd8 22. b4 axb4 23. axb4 Na6 24. Nb5 Be7 25. Nb3 Nf8 (25... Nc7 $142 26. Ra1 Rxa1) 26. Rdc1 Nh7 27. Na7 {[%emt 0:04:41] Schwarz muss nun Nxc8 beachten.} Bxg5 28. Nxc8 (28. hxg5 Bg4 $16) 28... Bxh4 29. Bxh4 Qxh4 30. Bxa6 ({Vorzuziehen ist} 30. Nxd6 $16 Qg3+ 31. Kf1) 30... Rxa6 $14 31. Qg2 Qd8 32. Rc3 (32. Qxg6+ $2 Rg7 $19) (32. Rb2 $14) 32... g5 $11 33. Rbc1 g4 $1 34. Nd2 (34. Qh2 $11 {bleibt in der Remisbreite.}) 34... Ra2 {[%emt 0:01:07] Droht stark ...Rg7.} 35. fxg4 $2 (35. Qh2 $17 {war angesagt.}) 35... Rg7 $2 (35... f3 $1 $19 {[%cal Rf3g2] ist viel giftiger.} 36. Qh2 (36. Nxf3 $2 Rxg2+ 37. Kxg2 hxg4 $19) (36. Rxf3 $2 Rxd2 37. Qxd2 Rxf3 $19) 36... f2+ (36... hxg4 37. R1c2 $11) 37. Kf1 Rxd2 38. Qxh5 Nf8) 36. Kf1 (36. Qh2 $17) 36... Nf6 $2 (36... Rxg4 37. Qf2 Kh8 38. Qh2 $15) (36... hxg4 $19 37. R3c2 Rxc2 38. Rxc2 Nf6) 37. Ke1 $2 (37. g5 $11 {und Weiss ist OK.} Ng4 38. Ke2) 37... hxg4 $19 {[%emt 0:02:50] ...f3 ist eine echte Drohung.} (37... Nxg4 38. Qh3 h4 39. Nf3 $16) 38. Qg1 Ne8 ({Günstiger ist} 38... Rxd2 $1 $19 39. Na7 Rb2 (39... Nxe4 40. Rc8 $11)) 39. Kd1 {[%emt 0:00:32] [#]} (39. R3c2 $17 {war nötig.} Ra3 40. Rc3 Qh4+ 41. Ke2) 39... Qh4 (39... g3 $142 $1 {Droht ...Qd7 und aus.} 40. R3c2 Ra3) 40. Nb6 (40. R1c2 Ra4 (40... Ra1+ 41. Rc1 $17) 41. Nb6 Ra1+ (41... Rxb4 42. Rc8 $11) 42. Rc1) 40... Nf6 $2 ({Besser ist} 40... g3 $19 41. Nf3 Qh7 (41... Qg4 $2 42. Nc4 $19)) 41. Nbc4 $2 (41. Rc8+ $11 Kh7 42. R8c2) 41... g3 42. Nf3 {[%emt 0:00:58] Es drohte Qh2} Qh5 43. Ncd2 {[%emt 0:00:37] [#]} Ng4 $2 (43... Rxd2+ $1 $19 44. Kxd2 Nxe4+ 45. Ke1 Nxc3 46. Rxc3 e4) 44. Rc8+ $2 (44. R1c2 $15 Ra1+ 45. Rc1 Nf2+ 46. Kc2 Rxc1+ 47. Kxc1) 44... Kh7 45. R1c7 $2 (45. Ke2 Nh2 46. R1c2 Nxf3 47. Nxf3 Rxc2+ 48. Rxc2) 45... Nf2+ 46. Ke2 {[%emt 0:00:05] [#]} Rxd2+ $1 47. Kxd2 Qxf3 48. Kc2 Qxe4+ 49. Kb3 Qxd5+ 50. Ka3 Qh1 51. Rc1 Qxg1 52. Rxg1 {[%emt 0:00:02][%mdl 4096] Endspiel. KRR-KRN} f3 53. Rc2 e4 54. Kb3 d5 55. Rd2 Rg5 {[%emt 0:00:22] Und jetzt ...Nd3 wäre schön.} 56. Rc2 Kg6 {[%emt 0:00:18] Und ...Nd3 würde nun gewinnen.} 57. Kc3 Nh3 58. Rh1 g2 {[%emt 0:00:15] Gewichteter Fehlerwert: Weiß=1.26/Schwarz=0.65.  Verlustzug:     	Weiß=3     	---        Gewinn verpasst:   	---       	Schwarz=3     Fehler:       	Weiß=7     	Schwarz=4     Ungenau:       	Weiß=2     	Schwarz=2     OK:         	Weiß=9     	Schwarz=11    Bester:       	---       	Schwarz=2     Stark:        	Weiß=1     	Schwarz=1} 0-1

[Event "American Cup Women Champions 2024"]
[Site "Saint Louis"]
[Date "2024.03.12"]
[Round "1.2"]
[White "Paikidze, Nazi"]
[Black "Zatonskih, Anna"]
[Result "1-0"]
[ECO "E07"]
[WhiteElo "2319"]
[BlackElo "2348"]
[Annotator "TA"]
[PlyCount "79"]
[EventDate "2024.03.11"]
[EventType "k.o."]
[EventCountry "USA"]
[SourceTitle "playchess.com"]
[Source "ChessBase"]
[SourceQuality "1"]
[TimeControl "900+10"]

1. d4 d5 2. c4 e6 3. Nc3 Nf6 4. g3 dxc4 5. Bg2 Nbd7 6. Nf3 Nb6 7. O-O Be7 8. e4 O-O 9. Qe2 c5 10. Rd1 cxd4 11. Rxd4 {[%emt 0:01:49] The position is equal.} Qe8 12. Bf4 Bc5 13. Rd2 ({White should try} 13. Rdd1 $11) 13... Ng4 $15 {[%emt 0:03:00][%cal Oe6e5] White must now prevent ...e5!} 14. Bd6 $1 Bxd6 (14... Bxf2+ $15 15. Kh1 Be3) 15. Rxd6 $11 e5 16. a4 Be6 (16... Qe7 $14 17. Rad1 Be6) 17. Ng5 $16 {[%emt 0:02:04] aiming for Nxe6. White is more active.} Qe7 {[%emt 0:01:25][%cal Oe7g5] [#]} 18. Rxe6 $1 Qxg5 19. Rd6 (19. h4 {keeps more tension.} Qd8 20. Rd1 Qc7 21. Rxb6 Qxb6 22. Nd5) 19... Nf6 20. Rad1 ({Better is} 20. h4 $16 Qg4 21. Qxg4 Nxg4 22. a5) 20... Ne8 $1 $14 21. h4 Qe7 22. R6d2 {[%emt 0:00:05] a5 would now be deadly.} Qb4 23. Nd5 {[%emt 0:01:13] Dodges Nc7} (23. Qh5 $11) 23... Nxd5 (23... Qxa4 $15 24. Ne3 (24. Ne7+ Kh8 $11) 24... Qc6) 24. Rxd5 $11 ({Reject} 24. exd5 Nd6 25. Qxe5 a5 $15) 24... Qxa4 25. Rxe5 Qb4 {[%emt 0:00:28] Prevents Re7} 26. Red5 {[%emt 0:00:44][%mdl 1024] White has compensation.} Nc7 27. R5d4 b5 28. e5 Rae8 29. Kh2 Ne6 30. Rd5 Nc5 31. Qd2 (31. f4 $11 {remains equal.}) 31... Qxd2 $17 32. R1xd2 Rc8 33. f4 a5 34. f5 Rfe8 35. f6 gxf6 (35... Nb3 $17 36. Rd1 b4) 36. exf6 $11 b4 {[%emt 0:00:05] Hoping for ...a4.} 37. Bh3 $1 Rc7 {[%emt 0:00:03] Threatens to win with ...Ne4.} 38. Rg5+ Kf8 {[%emt 0:00:13] Strongly threatening ...Ne4.} 39. Bf5 c3 $2 {[%emt 0:00:28][%mdl 8192] [#]} (39... Ne6 $14 40. Rh5 Rb8) 40. Bxh7 $1 {[%emt 0:00:04] Weighted Error Value: White=0.20 (precise) /Black=0.39.  Loses game:     	---       	Black=1      Mistake:       	White=4     	Black=4      Inaccurate:     	---       	Black=2      OK:         	White=13    	Black=8      Best:        	---       	Black=3      Strong:       	White=3     	Black=1} 1-0

[Event "American Cup Women Champions 2024"]
[Site "Saint Louis"]
[Date "2024.03.12"]
[Round "1.2"]
[White "Abrahamyan, Tatev"]
[Black "Lee, Alice"]
[Result "0-1"]
[ECO "C43"]
[WhiteElo "2308"]
[BlackElo "2356"]
[Annotator "TA"]
[PlyCount "56"]
[EventDate "2024.03.11"]
[EventType "k.o."]
[EventCountry "USA"]
[SourceTitle "playchess.com"]
[Source "ChessBase"]
[SourceQuality "1"]
[TimeControl "900+10"]

1. e4 e5 2. Nf3 Nf6 3. d4 Nxe4 4. dxe5 d5 5. Nbd2 Nxd2 6. Bxd2 c5 7. c3 Nc6 8. Bd3 {[%emt 0:00:02] The position is equal.} Be7 9. O-O Bg4 10. Re1 Qd7 11. h3 Bf5 12. Qc2 Bxd3 13. Qxd3 O-O 14. Ng5 Bxg5 15. Bxg5 Rfe8 16. f4 d4 17. Rad1 Qd5 18. Qg3 Kh8 $1 19. Qh4 ({Better is} 19. a3 $11) 19... Qe6 (19... d3 $15) 20. g4 (20. a3 $11) 20... Qxa2 $17 21. Qg3 $2 {[%emt 0:01:52] [#] White does not recover from this.} (21. Qf2 $17 {might work better.}) 21... Qxb2 $19 22. f5 Qxc3 {[%emt 0:00:50] Black is clearly winning.} 23. Rd3 Qc4 24. f6 {[%emt 0:00:33] [#]} Nxe5 $1 25. fxg7+ Kg8 $1 26. Rdd1 Qc3 27. Qxc3 dxc3 28. Kf2 {[%emt 0:00:01] Repels Nf3} (28. Re3 $142 c4 (28... Kxg7 $2 29. Rf1 $19) 29. Rxc3) 28... c4 {[%emt 0:00:30] Weighted Error Value: White=0.65/Black=0.09 (flawless) .  Loses game:     	White=1     	---        Mistake:       	White=3     	Black=1      Inaccurate:     	White=1     	---        OK:         	White=8     	Black=12     Best:        	---       	Black=1      Strong:       	---       	Black=2} 0-1

[Event "American Cup Women Champions 2024"]
[Site "Saint Louis"]
[Date "2024.03.12"]
[Round "1.2"]
[White "Yu, Jennifer"]
[Black "Tokhirjonova, Gulrukhbegim"]
[Result "0-1"]
[ECO "D45"]
[WhiteElo "2279"]
[BlackElo "2365"]
[Annotator "RC"]
[PlyCount "98"]
[EventDate "2024.03.11"]
[EventType "k.o."]
[EventCountry "USA"]
[SourceTitle "playchess.com"]
[Source "ChessBase"]
[SourceQuality "1"]
[TimeControl "900+10"]

1. d4 d5 2. c4 e6 3. Nc3 c6 4. e3 Nf6 5. Nf3 Nbd7 6. b3 Bb4 7. Bd2 O-O 8. Bd3 dxc4 9. bxc4 e5 10. dxe5 Ng4 11. Qb1 Qa5 12. Bxh7+ Kh8 13. Qc2 g6 14. Bxg6 fxg6 15. a3 Ndxe5 16. Nxe5 Nxe5 17. O-O Be7 18. Nd5 Qd8 19. Nxe7 Qxe7 20. f4 Ng4 21. Qxg6 Qg7 22. Qc2 Bf5 23. Qc3 Qxc3 24. Bxc3+ Kg8 25. Rf3 Nf6 26. Rg3+ Kf7 27. Rg5 Be4 28. Rd1 Rad8 29. Rxd8 Rxd8 30. Bd4 b6 31. c5 b5 32. g4 a5 33. f5 b4 34. axb4 axb4 35. Rg6 Rxd4 36. exd4 b3 37. g5 Ng8 38. Rd6 b2 39. Rd7+ Ne7 40. Rb7 b1=Q+ 41. Rxb1 Bxb1 42. f6 Nf5 43. d5 cxd5 44. c6 d4 45. Kf2 Nd6 46. h4 Kg6 47. c7 Bf5 48. Kf3 d3 49. Kf2 d2 0-1

[Event "American Cup Women Champions 2024"]
[Site "Saint Louis"]
[Date "2024.03.12"]
[Round "1.2"]
[White "Tang, Zoey"]
[Black "Krush, Irina"]
[Result "0-1"]
[ECO "E71"]
[WhiteElo "2253"]
[BlackElo "2421"]
[Annotator "TA"]
[PlyCount "102"]
[EventDate "2024.03.11"]
[EventType "k.o."]
[EventCountry "USA"]
[SourceTitle "playchess.com"]
[Source "ChessBase"]
[SourceQuality "1"]
[TimeControl "900+10"]

1. d4 Nf6 2. c4 g6 3. Nc3 Bg7 4. e4 d6 5. h3 O-O 6. Be3 Na6 7. Be2 e5 8. d5 Nc5 9. Qc2 {[%emt 0:00:11] White has an edge.} a5 10. g4 c6 11. g5 Nh5 12. Bxh5 gxh5 13. O-O-O f5 14. gxf6 Qxf6 15. Nge2 Bh6 {[%emt 0:01:08] [#] Against f4} (15... Kh8 $14) 16. Kb1 $2 (16. f4 $1 $16) 16... Bxe3 $15 17. fxe3 Bd7 (17... Kh8 $15) 18. Ng3 h4 (18... Kh8 $15 19. Rhg1 (19. Nxh5 $2 {too greedy.} Qh4 $19) 19... Rad8) 19. Rdf1 Qh6 20. Nf5 Bxf5 21. exf5 Qxe3 22. f6 Kh8 {[%emt 0:01:35] Active counter play!} 23. f7 Qd3 (23... Rad8 {with more complications.} 24. dxc6 bxc6 25. Qg2 Rd7) 24. Qxd3 Nxd3 25. Ne4 cxd5 26. cxd5 Nf4 27. Nxd6 Rad8 28. Nc4 Rxd5 29. Nxe5 Ne2 30. Ng4 ({Don't go for} 30. Rf5 $2 Ng3 $19) (30. Nf3 $11) 30... Ng3 31. Nf6 $2 {[%emt 0:00:26][%mdl 8192] [#] This costs White the game.} (31. Rd1 $15 Rxd1+ 32. Rxd1 Rxf7 33. Rd8+ Kg7 34. a4) 31... Rdd8 $1 $19 (31... Rxf7 32. Nxd5 Nxf1 (32... Rxf1+ $2 33. Rxf1 Nxf1 34. Kc2 $19) 33. a3 $19) 32. Rd1 {[%emt 0:00:01] Strongly threatening Rxd8.} Nxh1 33. Rxh1 Rxf7 {[%emt 0:00:01][%mdl 4096] Endgame. KRR-KRN} 34. Ne4 Re7 35. Nc3 Rd3 36. Kc2 Rg3 37. a4 Kg7 {[%emt 0:00:12] Threatens to win with ...Ree3.} 38. Kb1 Kg6 39. Rd1 Rxh3 40. Nd5 Re4 41. Rf1 Rh2 42. Rf6+ Kg5 43. Rb6 h3 44. Rxb7 h5 45. Rg7+ Kf5 {[%emt 0:00:04][%cal Oh2g2] ...Rg2! is the strong threat.} 46. Rg1 Rg2 {[%emt 0:00:11] Black mates.} 47. Rf1+ Ke5 48. Nc3 {[%emt 0:00:06] [#]} h2 $1 49. Nxe4 (49. Ka2 Re3) 49... Kxe4 50. Re1+ Kf3 51. Ka2 Rg1 {[%emt 0:00:04] Weighted Error Value: White=0.61/Black=0.19 (very precise) .  Loses game:     	White=1     	---        Mistake:       	White=2     	Black=3      Inaccurate:     	White=3     	---        OK:         	White=13    	Black=10     Best:        	---       	Black=6      Strong:       	---       	Black=1} 0-1

[Event "American Cup Women Champions 2024"]
[Site "Saint Louis"]
[Date "2024.03.13"]
[Round "1.3"]
[White "Paikidze, Nazi"]
[Black "Zatonskih, Anna"]
[Result "1/2-1/2"]
[ECO "E06"]
[WhiteElo "2319"]
[BlackElo "2348"]
[Annotator "TA"]
[PlyCount "127"]
[EventDate "2024.03.11"]
[EventType "k.o."]
[EventCountry "USA"]
[SourceTitle "playchess.com"]
[Source "ChessBase"]
[SourceQuality "1"]
[TimeControl "5400+30"]

1. d4 d5 2. c4 e6 3. Nc3 Nf6 4. g3 Be7 5. Bg2 O-O 6. Nf3 a5 {[%emt 0:03:17] E06: Closed Catalan: Early deviations.} 7. O-O c6 8. Ne5 Nfd7 9. Nxd7 {[%emt 0:04:52] 9.Be3 is more advanced technology.} Nxd7 10. e4 dxc4 11. Qe2 $146 ({Predecessor:} 11. a4 e5 12. d5 Nc5 13. Be3 Nb3 14. Rb1 Bc5 15. Bxc5 Nxc5 16. Qe2 Nb3 17. Rfd1 {0-1 Vetokhin,S (2312)-Petkov,M (2411) Wch Blitz Almaty 2022 (18)}) 11... b5 12. e5 b4 13. Ne4 Nb6 14. Rd1 Ra7 15. h4 Ba6 16. Qg4 Kh8 17. Bg5 Nd5 18. Bf1 f5 19. exf6 gxf6 20. Bh6 Rg8 21. Qf3 Qe8 22. h5 f5 23. Nd2 c3 24. bxc3 bxc3 (24... Bxf1 $17 25. c4 Nf6 26. Nxf1 Qxh5 27. Qxh5 Nxh5) 25. Bxa6 $1 $15 Rxa6 26. Nc4 Bf6 (26... Bg5 $17 27. Bxg5 Rxg5) 27. Rac1 $11 Rg4 28. Ne3 $1 Qxh5 (28... Rxd4 $2 {loses.} 29. Rxd4 Bxd4 30. Nxd5 $18) 29. Nxd5 cxd5 30. Bf4 Rc6 31. Kg2 c2 32. Rd2 Qe8 33. Rdxc2 Rxc2 34. Rxc2 Bxd4 35. Qd3 (35. Rc7 Rg7 36. Rc1 Bf6 $15) 35... Bf6 36. Qa6 Rg8 {[%emt 0:00:16] [#]} 37. Re2 $1 ({Reject} 37. Qxa5 $6 e5 38. Qa6 Bg7 $15) 37... Bg7 38. Rxe6 ({Much worse is} 38. Qxa5 $6 d4 $11) 38... Qa8 {[%emt 0:00:42] [#]} 39. Be5 (39. Qb5 $1 $16) 39... d4+ (39... Qxa6 {simplifies} 40. Bxg7+ Kxg7 41. Rxa6 d4) 40. Qxa8 Rxa8 41. Bxg7+ Kxg7 42. Rd6 Rc8 43. Rxd4 Rc5 44. a4 Kf6 45. Rh4 Kg6 46. Rd4 Kf6 47. Rh4 Kg6 48. Rd4 Kg5 49. Rh4 h6 50. Rd4 h5 51. Rd6 h4 52. gxh4+ Kxh4 53. Rd4+ $1 Kg5 54. Kg3 Rc3+ 55. f3 Ra3 56. Rc4 Ra1 57. Rd4 $1 Ra2 58. Rc4 Ra3 59. Rd4 Ra1 60. Rc4 Ra3 61. Rd4 Ra1 62. Rc4 Ra3 63. Rd4 Ra1 64. Rc4 1/2-1/2